 Dungeon Crawl Stone Soup version 0.21.1-1-g345015f (webtiles) character file.

665 vatarom the Ruffian (level 7, -4/57 HPs)
             Began as a Ghoul Monk on May 8, 2018.
             Was a Follower of Ru.
             Slain by vatarom's ghost (10 damage)
             ... on level 5 of the Dungeon.
             The game lasted 00:08:31 (4238 turns).

vatarom the Ruffian (Ghoul Monk)                    Turns: 4238, Time: 00:08:31

Health: -4/57      AC:  9    Str: 15    XL:     7   Next: 57%
Magic:  15/15      EV: 12    Int:  7    God:    Ru [*.....]
Gold:   122        SH:  0    Dex: 11    Spells: 6/6 levels left

rFire    . . .     SeeInvis .     - Unarmed
rCold    + + .     Gourm    .   (no shield)
rNeg     + + +     Faith    .   p - +1 ring mail {rC+}
rPois    ∞         Spirit   .   g - +2 helmet
rElec    .         Reflect  .   (no cloak)
rCorr    .         Harm     .   (no gloves)
MR       .....                  (no boots)
Stlth    +.........             f - amulet of magic regeneration
HPRegen  0.00/turn              h - ring of magical power
MPRegen  0.39/turn              j - ring of wizardry

@: rotting
A: rotting body, claws 1, carnivore, cold resistance 1, negative energy
resistance 3, inhibited regeneration, torment resistance, unbreathing, hated by
all
a: Renounce Religion


You were on level 5 of the Dungeon.
You worshipped Ru.
Ru was aware of your devotion.
You were not hungry.

You visited 1 branch of the dungeon, and saw 5 of its levels.

You collected 122 gold pieces.

Inventory:

Armour
 a - a +0 robe
 g - a +2 helmet (worn)
 p - a +1 ring mail of cold resistance (worn)
Jewellery
 f - an amulet of magic regeneration (around neck)
 h - a ring of magical power (left claw)
 j - a ring of wizardry (right claw)
 q - an uncursed amulet of regeneration {unknown}
Scrolls
 c - 3 scrolls of identify
 d - 2 scrolls of teleportation
 e - 4 scrolls of magic mapping {unknown}
 k - a scroll of immolation {unknown}
 m - a scroll of amnesia {unknown}
 n - 2 scrolls of fear {unknown}
 o - a scroll of remove curse {unknown}
Potions
 i - a potion of brilliance
 l - a potion of cancellation
Comestibles
 b - 11 rations


   Skills:
 - Level 3.2 Fighting
 * Level 2.7 Armour
 + Level 5.0 Dodging
 - Level 2.1 Stealth
 + Level 6.9 Unarmed Combat


You had 6 spell levels left.
You didn't know any spells.

Dungeon Overview and Level Annotations

Branches:
Dungeon (5/15)
 Temple: D:4-7

Altars:
Ru

Annotations:
D:4 Duvessa
D:5 vatarom's ghost, novice DsTm


Innate Abilities, Weirdness & Mutations

Your body is rotting away.
You thrive on raw meat.
You are immune to poison.
You have sharp fingernails.
You are carnivorous and can eat meat at any time.
Your flesh is cold resistant. (rC+)
You are immune to negative energy. (rN+++)
You do not regenerate when monsters are visible.
You are immune to unholy pain and torment.
You can survive without breathing.
You are hated by all.


Message History

Vatarom's ghost is severely damaged.
Vatarom's ghost hits you.
You scratch vatarom's ghost.
Vatarom's ghost is almost destroyed.
You claw vatarom's ghost!
Vatarom's ghost is almost destroyed.
Vatarom's ghost hits you!
* * * LOW HITPOINT WARNING * * *
You scratch vatarom's ghost but do no damage.
Vatarom's ghost is almost destroyed.
Vatarom's ghost hits you.
* * * LOW HITPOINT WARNING * * *
You barely miss vatarom's ghost.
Vatarom's ghost is almost destroyed.
Vatarom's ghost hits you.
* * * LOW HITPOINT WARNING * * *
You closely miss vatarom's ghost.
Vatarom's ghost is almost destroyed.
Vatarom's ghost hits you!
You die...

..... ... ...
.>. #.# ## #.#
..##.# #.##W#
#.##@# #.##.#
#.##.#
##.###.##.#
#.........#
###.###.####.#
.............#
###.###.######
#.# #.#


You could see vatarom's ghost.

Vanquished Creatures
  The ghost of Tiareth the Skirmisher, an amateur DEFi (D:3)
  A sky beast (D:3)
  An ogre (D:4)
  A scorpion (D:5)
  Dowan (D:4)
  An orc priest (D:4)
  3 orc wizards
  A worker ant (D:4)
  Robin (D:2)
  2 adders
  A shadow imp (D:5)
  2 oozes
  An adder skeleton (D:4)
  3 worms
  A dart slug (D:1)
  4 leopard geckos
  9 orcs
  A giant cockroach (D:3)
  8 hobgoblins
  4 jackals
  7 kobolds
  4 quokkas
  4 bats
  10 frilled lizards
  9 goblins
  2 leopard gecko skeletons (D:4)
  7 rats
90 creatures vanquished.

Vanquished Creatures (others)
  A dart slug (D:3)
1 creature vanquished.

Grand Total: 91 creatures vanquished

Notes
Turn   | Place    | Note
-------+----------+-------------------------------------------
     0 | D:1      | vatarom the Ghoul Monk began the quest for the Orb.
     0 | D:1      | Reached XP level 1. HP: 19/19 MP: 0/0
   295 | D:1      | Reached XP level 2. HP: 25/26 MP: 1/1
   784 | D:1      | Reached XP level 3. HP: 28/31 MP: 2/2
   918 | D:2      | Reached skill level 4 in Unarmed Combat
  1442 | D:2      | Noticed Robin
  1457 | D:2      | Killed Robin
  1457 | D:2      | Reached XP level 4. HP: 2/38 MP: 3/3
  1887 | D:2      | Found a faded altar of an unknown god.
  1916 | D:2      | Became a worshipper of Ru the Awakened
  1918 | D:2      | Gained mutation: You are hated by all. [Ru sacrifice]
  1918 | D:2      | Reached * piety under Ru
  2111 | D:3      | Reached skill level 5 in Unarmed Combat
  2113 | D:3      | Noticed Tiareth's ghost (amateur DEFi)
  2122 | D:3      | Reached XP level 5. HP: 39/44 MP: 4/4
  2190 | D:3      | Killed Tiareth's ghost
  2190 | D:3      | Reached XP level 6. HP: 22/51 MP: 5/5
  2319 | D:3      | Reached skill level 6 in Unarmed Combat
  2370 | D:3      | Noticed a sky beast
  2384 | D:3      | Killed a sky beast
  2864 | D:4      | Reached skill level 1 in Armour
  3059 | D:4      | Reached XP level 7. HP: 25/57 MP: 6/6
  3325 | D:4      | Noticed Duvessa
  3994 | D:4      | Noticed Dowan
  4004 | D:4      | Killed Dowan
  4093 | D:5      | Entered Level 5 of the Dungeon
  4184 | D:5      | Reached skill level 5 in Dodging
  4195 | D:5      | Noticed vatarom's ghost (novice DsTm)
  4238 | D:5      | Slain by vatarom's ghost

Skill      XL: |  1  2  3  4  5  6  7 |
---------------+----------------------+-----
Dodging        | 3 4 5 |  5.0
Unarmed Combat | 4 5 6 |  6.9
Armour         | 1 2 |  2.7
Fighting       | |  3.2
Stealth        | |  2.1

Action                   |  1- 3 |  4- 6 |  7- 9 || total
-------------------------+-------+-------+-------++-------
Melee: Unarmed           |   138 |   151 |   149 ||   438
       Punch             |     1 |     6 |     4 ||    11
Invok: Sacrifice Love    |       |     1 |       ||     1
  Use: Potion            |       |     6 |     1 ||     7
       Scroll            |       |       |     3 ||     3
 Stab: Sleeping          |     3 |       |       ||     3
  Eat: Chunk             |     2 |     8 |     3 ||    13
Armor: Robe              |    18 |    25 |       ||    43
       Ring mail         |       |    20 |    37 ||    57
Dodge: Dodged            |    95 |    79 |    47 ||   221
